Map: Neon Violet Square LE

Players

Dear - Winner!

  • Race: Protoss Protoss
  • Spawn Location: 11:00

GuMiho

  • Race: Terran Terran
  • Spawn Location: 5:00

Event: IEM Season 12 - Katowice

VOD

Have the link to the VOD?

Description

Time

  • Played on: March 1, 2018, 8:38 a.m.
  • Length: 3:37

All games in this series

Show
View Real Time Build Order
Export as new Build Order

Dear Protoss - Winner!

Build Orders: Oracle Opening 

Get SALT Encoding   

  12  0:00  Probe  
  13  0:12  Probe  
  14  0:17  Pylon  
  14  0:24  Probe  
  15  0:36  Probe (Chrono Boost)  
  15  0:38  Gateway  
  16  0:46  Probe (Chrono Boost)  
  16  0:48  Assimilator  
  17  0:51  Probe (Chrono Boost)  
  18  1:03  Probe  
  19  1:10  Assimilator  
  19  1:15  Probe  
  20  1:23  Pylon  
  20  1:27  Probe, Cybernetics Core  
  20  1:32  Zealot  
  23  1:41  Probe  
  24  1:53  Probe  
  25  2:03  Adept (Chrono Boost)  
  27  2:10  Stargate  
  27  2:14  Probe  
  28  2:22  Pylon, Stalker (Chrono Boost)  
  28  2:29  Shield Battery  
  30  2:43  Stalker (Chrono Boost)  
  32  2:53  Oracle (Chrono Boost)  
  32  2:56  Gateway  
  35  3:04  Shield Battery  
Show
View Real Time Build Order
Export as new Build Order

GuMiho Terran 

Build Orders: Cyclone Opening 

Get SALT Encoding   

  12  0:00  SCV  
  13  0:12  SCV  
  14  0:18  Supply Depot  
  14  0:24  SCV  
  15  0:40  SCV  
  15  0:42  Barracks  
  16  0:48  Refinery  
  16  0:52  SCV  
  16  0:56  Refinery  
  17  1:04  SCV  
  18  1:16  SCV  
  19  1:28  Orbital Command  
  19  1:29  Barracks Tech Lab  
  19  1:40  Factory  
  19  1:47  Marauder  
  21  1:55  Supply Depot  
  21  2:00  Concussive Shells  
  21  2:09  Marauder  
  23  2:20  SCV  
  24  2:23  Cyclone  
  27  2:31  Supply Depot  
  27  2:37  Marauder  
  29  2:48  SCV  
  30  2:56  Cyclone  
  33  2:59  Marauder  
  33  3:00  SCV  
  36  3:07  Supply Depot  

Tags
 
Add a new tag
Caveats
  • Supply blocks, unpowered buildings, or Contaminate may cause inaccurate times.
  • Supply counts are checked every 10 seconds.